 Dungeon Crawl Stone Soup version 0.30.0-10-gfe55d96785 (webtiles) character file.

Game seed: 15787952511527389567

86 hawla the Firebug (level 5, -3/38 HPs)
             Began as a Meteoran Fire Elementalist on May 15, 2023.
             Slain by a scorpion (5 damage)
             ... on level 4 of the Dungeon.
             The game lasted 00:03:26 (318 turns).

hawla the Firebug (Meteoran Fire Elementalist)       Turns: 318, Time: 00:03:27

Health: -3/38      AC:  3    Str:  9    XL:     5   Next: 7%
Magic:  4/11       EV: 13    Int: 19    God:
Gold:   6          SH:  0    Dex: 20    Spells: 5/11 levels left

rFire   . . .        (no weapon)
rCold   . . .        (no shield)
rNeg    . . .        a - +0 robe
rPois   .            (no helmet)
rElec   .            (no cloak)
rCorr   .            e - +0 pair of gloves
SInv    .            (no boots)
Will    .....        (no amulet)
Stlth   +            d - +6 ring of dexterity
HPRegen 0.26/turn    (no ring)
MPRegen 0.12/turn

%: no passive effects
@: lethally poisoned (-3 -> -16), glowing
A: sense surroundings 1, otherworldly, glowing, explore regen
a: no special abilities


You were on level 4 of the Dungeon.
You visited 1 branch of the dungeon, and saw 4 of its levels.

You collected 6 gold pieces.

Inventory:

Armour
 a - a +0 robe (worn)
 e - a +0 pair of gloves (worn)
Jewellery
 d - a +6 ring of dexterity (left hand)
Potions
 f - a potion of mutation {unknown}
 h - 2 potions of lignification {unknown}


   Skills:
 + Level 0.1 Fighting
 + Level 2.9 Dodging
 - Level 1.4 Stealth
 + Level 3.5 Spellcasting
 + Level 1.7 Conjurations
 + Level 5.0 Fire Magic
 + Level 1.2 Ice Magic


You had 5 spell levels left.
You knew the following spells:

 Your Spells              Type           Power      Damage    Failure   Level
a - Foxfire               Conj/Fire      64%        2x1d7     3%          1
b - Scorch                Fire           44%        2d7       2%          2
c - Hailstorm             Conj/Ice       9%         3d4       24%         3

Your spell library contained the following spells:

 Spells                   Type           Power      Damage    Failure   Level
 Freeze                   Ice            32%        1d5       9%          1
 Inner Flame              Hex/Fire       12%        N/A       16%         3
 Volatile Blastmotes      Fire/Tloc      24%        2d12      16%         3
 Frozen Ramparts          Ice            16%        1d3       26%         3
 Flame Wave               Conj/Fire      16%        2d7       34%         4


Dungeon Overview and Level Annotations

Branches:
Dungeon (4/15) Zot: 2082
 Temple: D:4-7

Altars:
Cheibriados

Annotations:
D:4 Ijyb


Innate Abilities, Weirdness & Mutations

You passively map a small area around you.
You are easily found by Zot.
You glow in the dark.
You regain HP and MP as you explore.


Message History

You are more poisoned.
The scorpion poisons you! The scorpion closely misses you.
Casting: Foxfire (safe; 3% risk of failure)
Confirm with . or Enter, or press ? or * to list all spells.
Flames lash the orc priest.
The orc priest is moderately wounded.
The orc priest's fire resistance burns away.
* * * LOW HITPOINT WARNING * * *
You feel very sick. The scorpion stings you.
* * * LOW HITPOINT WARNING * * *
You feel better. The scorpion barely misses you.
The orc priest mumbles some strange prayers to Beogh against you.
You struggle to resist.
Casting: Scorch (safe; 2% risk of failure)
Confirm with . or Enter, or press ? or * to list all spells.
You conjure some foxfire!
The scorpion stings you.
The orc priest hits you with a +0 dagger.
* * * LOW HITPOINT WARNING * * *
Casting: Foxfire (safe; 3% risk of failure)
Confirm with . or Enter, or press ? or * to list all spells.
Flames lash the orc priest.
The orc priest is burned terribly!
The orc priest is almost dead.
The foxfire hits the scorpion.
The scorpion is severely wounded.
The foxfire hits the orc priest but does no damage.
The orc priest is almost dead.
The scorpion completely misses you.
An orc comes into view. It is wielding a +0 dagger.
The orc priest looks satisfied for a moment.
Casting: Scorch (safe; 2% risk of failure)
Confirm with . or Enter, or press ? or * to list all spells.
You conjure some foxfire!
The scorpion stings you.
* * * LOW HITPOINT WARNING * * *
You are lethally poisoned!
The scorpion poisons you!
The orc priest hits you with a +0 dagger.
* * * LOW HITPOINT WARNING * * *
The scorpion stings you.
You die...

* #.. * , ... , ~
~,, ~ ##.. , .. * ~*
##..###... * , ~
##.....#o.. ~
*##.......... , *
#####...........
.......v...#.... ,,,
####..@s†......
##§vo....... ,
#.......... ,
#..........
##...)...........w.
##...............).
#...###............
##...####.##........
#......# ..#........


You could see a scorpion (ally target), an orc priest (combustible) and an orc.

Vanquished Creatures
  A howler monkey (D:4)
  A jelly (D:4)
  A dart slug (D:1)
  An orc (D:4)
  An endoplasm (D:2)
  A goblin (D:1)
  3 jackals (D:1)
  3 ball pythons
  A bat (D:2)
  2 kobolds
  A rat (D:2)
16 creatures vanquished.

Vanquished Creatures (others)
  43 foxfires
43 creatures vanquished.

Grand Total: 59 creatures vanquished

Notes
Turn   | Place    | Note
-------+----------+-------------------------------------------
     0 | D:1      | hawla the Meteoran Fire Elementalist began the quest for
                  | the Orb.
     0 | D:1      | Reached XP level 1. HP: 14/14 MP: 5/5
    39 | D:1      | Reached skill level 4 in Fire Magic
    39 | D:1      | Reached XP level 2. HP: 19/20 MP: 2/6
   132 | D:3      | Found a snail-covered altar of Cheibriados.
   136 | D:3      | Learned a level 2 spell: Scorch
   202 | D:3      | Reached XP level 3. HP: 26/26 MP: 3/8
   206 | D:3      | Learned a level 3 spell: Hailstorm
   283 | D:4      | Noticed a scorpion
   286 | D:4      | Noticed a howler monkey
   288 | D:4      | Reached skill level 1 in Ice Magic
   288 | D:4      | Reached XP level 4. HP: 32/33 MP: 4/9
   288 | D:4      | Noticed a scorpion
   288 | D:4      | Noticed Ijyb
   310 | D:4      | Reached skill level 5 in Fire Magic
   310 | D:4      | Reached XP level 5. HP: 34/38 MP: 0/11
   318 | D:4      | Slain by a scorpion

Illustrated notes

Levels and vault maps discovered:
D:1:      dpeg_arrival_round_b, layout_basic, serial_shops, shop,
          nicolae_shop_tiny_waterfront, shop, shop, shop, bh_walls_and_bars
D:2:      layout_basic, minmay_misc_feat_alley, minmay_puff
D:3:      layout_basic, mainiacjoe_overflow_paths, lemuel_doored_altar,
          lemuel_crystal_altar, dancing_weapons_uskayaw,
          mainiacjoe_overflow_chevrons, nicolae_concentric_dashed_squares_mild,
          corner_web_ring, uniq_jessica
D:4:      layout_cave_pools, tgw_xom, mainiacjoe_overflow_surrounded_room,
          minivault_24, uniq_ijyb

Skill      XL: |  1  2  3  4 |
---------------+-------------+-----
Fire Magic     | 4 5 |  5.0
Spellcasting   | 3 |  3.5
Ice Magic      | 1 |  1.2
Fighting       | |  0.1
Dodging        | |  2.9
Stealth        | |  1.4
Conjurations   | |  1.7

Action                     |  1- 3 |  4- 6 || total
---------------------------+-------+-------++-------
  Melee: Unarmed           |     4 |       ||     4
   Cast: Foxfire           |    20 |     7 ||    27
         Scorch            |     2 |     4 ||     6
         Hailstorm         |       |     1 ||     1
    Use: Scroll            |     4 |     1 ||     5
         Potion            |       |     2 ||     2
  Dodge: Dodged            |     5 |     4 ||     9
